 Dungeon Crawl Stone Soup version 0.28-a0-657-g71136c5590 (webtiles) character file.

Game seed: 8864899143705788296

3733 EnegeticOcto the Basher (level 10, 0/64 HPs)
             Began as a Gargoyle Artificer on Oct 13, 2021.
             Was a Follower of Wu Jian.
             Shot with a sling bullet by Joseph (11 damage)
             ... on level 9 of the Dungeon.
             The game lasted 00:11:26 (9148 turns).

EnegeticOcto the Basher (Gargoyle Artificer)        Turns: 9148, Time: 00:11:27

Health: 0/64       AC: 20    Str: 21    XL:     10   Next: 14%
Magic:  10/10      EV:  7    Int: 13    God:    Wu Jian [*.....]
Gold:   1082       SH:  0    Dex: 10    Spells: 9/9 levels left

rFire   + . .      SeeInvis .   a - +0 lajatang (vamp)
rCold   . . .      Faith    .   (shield currently unavailable)
rNeg    + . .      Spirit   .   k - +0 chain mail
rPois   ∞          Reflect  .   x - +0 helmet
rElec   +          Harm     .   g - +0 cloak
rCorr   +          Rampage  .   C - +1 pair of gloves
Will    .....                   (no boots)
Stlth   ..........              (no amulet)
HPRegen 0.20/turn               b - ring of Colaal {rPois rCorr Str+3 Slay+3}
MPRegen 0.12/turn               G - ring of protection from fire

@: very slightly contaminated, invisible
A: sickness immunity, AC +7, negative energy resistance 1, electricity
resistance, torment resistance 1, petrification resistance
a: Renounce Religion


You were on level 9 of the Dungeon.
You worshipped Wu Jian.
Wu Jian was aware of your devotion.
You visited 2 branches of the dungeon, and saw 10 of its levels.
You also visited: Sewer.

You collected 1082 gold pieces.

Inventory:

Hand Weapons
 a - a +0 vampiric lajatang (weapon)
   (You acquired it on level 4 of the Dungeon)
 h - a +1 dagger of venom
   (You took it off a kobold on level 1 of the Dungeon)
 r - a +2 whip of electrocution
   (You took it off a kobold on level 3 of the Dungeon)
 D - a +0 quarterstaff of speed
   (You found it on level 5 of the Dungeon)
Missiles
 f - 209 stones (quivered)
Armour
 g - a +0 cloak (worn)
   (You found it on level 1 of the Dungeon)
 k - a +0 chain mail (worn)
   (You found it on level 1 of the Dungeon)
 x - a +0 helmet (worn)
   (You found it in a sewer)
 C - a +1 pair of gloves (worn)
   (You found it on level 5 of the Dungeon)
Magical Staves
 n - a staff of fire
   (You found it on level 1 of the Dungeon)
Jewellery
 b - the ring of Colaal (left hand) {rPois rCorr Str+3 Slay+3}
   (You acquired it on level 1 of the Dungeon)

   [ring of resist corrosion]

   Str:       It affects your strength (+3).
   Slay:      It affects your accuracy & damage with ranged weapons and melee
   (+3).
   rPois:     It protects you from poison.
   rCorr:     It protects you from acid and corrosion.
 m - a ring of ice
   (You found it on level 2 of the Dungeon)
 A - a ring of flight
   (You found it on level 8 of the Dungeon)
 G - a ring of protection from fire (right hand)
   (You found it on level 6 of the Dungeon)
Wands
 c - a wand of flame (24) {@v4}
 d - a wand of charming (15)
 v - a wand of digging (4) {@v3}
   (You found it on level 3 of the Dungeon)
Scrolls
 l - 6 scrolls of teleportation {@r3 !r}
 p - 4 scrolls of blinking {@r4}
 y - a scroll of fear {!r}
 F - a scroll of brand weapon
 I - a scroll of silence
 J - a scroll of magic mapping {@r5 !r}
Potions
 i - 3 potions of invisibility
 j - 3 potions of attraction
 o - 2 potions of might {@q3 !q}
 q - 2 potions of lignification {unknown}
 s - 3 potions of magic {unknown}
 t - 6 potions of curing {unknown}
 u - 3 potions of haste {unknown}
 w - 2 potions of mutation {unknown}
 z - 4 potions of heal wounds {unknown}
 B - 2 potions of flight {unknown}
 E - a potion of ambrosia {unknown}
 H - a potion of resistance {unknown}
Miscellaneous
 e - a piece from Xom's chessboard (15/15)


   Skills:
 - Level 8.0 Fighting
 - Level 8.7(10.3) Maces & Flails
 * Level 8.6(10.2) Staves
 - Level 2.1 Armour
 - Level 0.7 Dodging
 - Level 1.1 Stealth
 - Level 2.6 Evocations


You had 9 spell levels left.
You didn't know any spells.
Your spell library contained the following spells:

 Spells                   Type           Power      Damage    Failure   Level
 Beastly Appendage        Tmut           0%         N/A       97%         1
 Corpse Rot               Necr/Air       N/A        N/A       99%         2
 Poisonous Vapours        Pois/Air       0%         N/A       99%         2
 Wereblood                Tmut           0%         N/A       99%         2
 Frozen Ramparts          Ice            0%         1d2       100%        3
 Gell's Gravitas          Tloc           0%         N/A       100%        3
 Lesser Beckoning         Tloc           0%         N/A       100%        3
 Spider Form              Tmut/Pois      0%         N/A       100%        3
 Teleport Other           Tloc           0%         N/A       100%        3
 Animate Dead             Necr           0%         N/A       100%        4
 Ice Form                 Ice/Tmut       0%         N/A       100%        4
 Summon Ice Beast         Ice/Summ       0%         N/A       100%        4
 Summon Forest            Summ/Tloc      0%         N/A       100%        5
 Summon Mana Viper        Hex/Summ       0%         N/A       100%        5
 Summon Cactus Giant      Summ           0%         N/A       100%        6
 Haunt                    Necr/Summ      0%         N/A       100%        7
 Infestation              Necr           0%         N/A       100%        8


Dungeon Overview and Level Annotations

Branches:
Dungeon (9/15)             Temple (1/1) D:4           Sewer (visited)
   Lair: D:8-11         Orc: D:9-12

Altars:
Ashenzari
Cheibriados
Dithmenos
Elyvilon
Hepliaklqana
Kikubaaqudgha
Makhleb
Nemelex Xobeh
Okawaru
Qazlal
Ru
Uskayaw
Vehumet
Wu Jian
Xom
Yredelemnul
Zin
The Shining One

Annotations:
D:9 Joseph


Innate Abilities, Weirdness & Mutations

You are immune to sickness and miasma.
Your stone body is resilient. (AC +7)
You are immune to poison.
You resist negative energy. (rN+)
You are resistant to electric shocks. (rElec)
You are resistant to unholy torment.
You are immune to petrification.


Message History

You slash the kobold brigand!
You feel better.
The kobold brigand is severely wounded.
The kobold brigand barely misses you.
You slice the kobold brigand!!
You kill the kobold brigand!
The Council accepts your kill.
You hit the centaur zombie.
The centaur zombie is lightly damaged.
The centaur zombie hits you.
The centaur zombie kicks you but does no damage.
The centaur zombie hits you but does no damage.
The centaur zombie kicks you but does no damage.
You slice the centaur zombie!!
The centaur zombie is almost destroyed.
The centaur zombie hits you but does no damage.
The centaur zombie kicks you.
You slice the centaur zombie!!
You destroy the centaur zombie!
The Council accepts your kill.
You slice the centaur zombie!!
You destroy the centaur zombie!
The Council accepts your kill.
No target in view!
No target in view!
No target in view!
No target in view!
No target in view!
No target in view!
No target in view!
No target in view!
No target in view!
No target in view!
No target in view!
No target in view!
No target in view!
HP restored.
Items here: (( )) ††.
Joseph, a Mercenary comes into view.
He is wielding a +0 quarterstaff.
Found a book of Chaos.
Joseph shouts!
Joseph unwields a +0 quarterstaff.
Joseph wields a +3 hunting sling of freezing.
It is covered in frost.
Joseph shoots a sling bullet.
The sling bullet hits you! The sling bullet freezes you.
Found a leather armour.
You closely miss Joseph.
Joseph unwields a +3 hunting sling of freezing.
Joseph wields a +0 quarterstaff.
Joseph hits you with a +0 quarterstaff!
You hit Joseph.
Joseph is lightly wounded.
Joseph hits you with a +0 quarterstaff!
You slash Joseph!
You feel better.
Joseph is lightly wounded.
Joseph hits you with a +0 quarterstaff!
Your chain mail prevents you from hitting Joseph.
Joseph is lightly wounded.
Joseph hits you with a +0 quarterstaff.
You closely miss Joseph.
Joseph is lightly wounded.
Joseph closely misses you.
You fade into invisibility!
Joseph barely misses you.
You are very lightly contaminated with residual magic.
You barely miss Joseph.
Joseph is lightly wounded.
You slash Joseph!
You feel better.
Joseph is moderately wounded.
Joseph hits you with a +0 quarterstaff.
You closely miss Joseph.
Joseph is moderately wounded.
Joseph completely misses you.
You slash Joseph!
Joseph is heavily wounded.
Joseph smiles happily.
Joseph unwields a +0 quarterstaff.
Joseph wields a +3 hunting sling of freezing.
It is covered in frost.
Joseph shoots a sling bullet.
The sling bullet hits you!
* * * LOW HITPOINT WARNING * * *
The sling bullet freezes you.
* * * LOW HITPOINT WARNING * * *
Okay, then.
Blink to where?
Press: ? - help, Dir - move target
As you read the scroll of blinking {@r4}, it crumbles to dust.
Items here: (( )) ††.
You see here a killer bee corpse.
Joseph shoots a sling bullet.
Joseph tries to grin evilly.
Joseph shoots a sling bullet.
The sling bullet hits you.
* * * LOW HITPOINT WARNING * * *
The sling bullet freezes you.
* * * LOW HITPOINT WARNING * * *
Joseph shoots a sling bullet.
The sling bullet hits you.
* * * LOW HITPOINT WARNING * * *
The sling bullet freezes you.
* * * LOW HITPOINT WARNING * * *
You open the door.
Joseph shoots a sling bullet.
The sling bullet hits you!
You die...

#..##.# ##.....## #####.####
#...#.# ##.......## #.........
###.....###.........###.......#.
...........'.........'.........#.
#.##.#...###.........###.......#.
#.# ##..# ##.<.....## #......<#.
#..# ##.# ##.....## #.......#.
..###..# ##...## #.......#.
#.#.### ##@## ##........ #..##
#.# ###.##### ####.##### #.# #.#
.........# ##.## #.# .###(###.#
##...## #.# # #.# #.# #.....# #.#
: #### #.######..### ###
#.#.####........@#
..#..#.#########.#


You could see Joseph.

Vanquished Creatures
  Pikel (D:6)
  A manticore (D:6)
  A hornet (D:8)
  Sigmund (D:2)
  3 yaks (D:8)
  A basilisk (D:6)
  An acid dragon (D:6)
  An ice beast (D:6)
  A necrophage (D:7)
  2 centaurs
  3 ogres
  4 lemures (D:6)
  A kobold brigand (D:9)
  2 bullfrogs
  2 scorpions
  A killer bee (D:9)
  A howler monkey (D:7)
  5 centaur zombies
  A bullfrog zombie (D:5)
  5 hounds
  A jelly (D:8)
  An orc priest (D:7)
  A centaur skeleton (D:5)
  An iguana (D:6)
  6 orc wizards
  A scorpion zombie (D:5)
  A killer bee zombie (D:8)
  A hound skeleton (D:4)
  8 adders
  4 gnolls (D:3)
  A river rat (D:5)
  2 white imps
  5 worms
  2 dart slugs
  17 orcs
  13 ball pythons
  11 endoplasms
  3 giant cockroaches
  10 goblins
  14 hobgoblins
  A quokka (D:3)
  6 bats
  9 frilled lizards
  6 kobolds
  9 rats
172 creatures vanquished.

Notes
Turn   | Place    | Note
-------+----------+-------------------------------------------
     0 | D:1      | EnegeticOcto the Gargoyle Artificer began the quest for the
                  | Orb.
     0 | D:1      | Reached XP level 1. HP: 12/12 MP: 1/1
   113 | D:1      | Reached skill level 1 in Maces & Flails
   154 | D:1      | Reached XP level 2. HP: 9/16 MP: 2/2
   963 | D:1      | Reached skill level 2 in Fighting
  1135 | D:1      | Reached XP level 3. HP: 21/21 MP: 3/3
  1461 | D:1      | Identified a scroll of acquirement
  1462 | D:1      | Acquired the ring of Colaal {rPois rCorr Str+3 Slay+3}
  1538 | D:2      | Found a faded altar of an unknown god.
  1605 | D:2      | Found an iron altar of Okawaru.
  1847 | D:2      | Noticed Sigmund
  1900 | D:2      | Reached skill level 2 in Maces & Flails
  1919 | D:2      | Killed Sigmund
  1920 | D:2      | Reached skill level 3 in Fighting
  1920 | D:2      | Reached skill level 4 in Maces & Flails
  1920 | D:2      | Reached XP level 4. HP: 28/28 MP: 4/4
  1920 | D:2      | Reached XP level 5. HP: 32/32 MP: 5/5
  2785 | D:3      | Reached XP level 6. HP: 19/37 MP: 6/6
  2973 | D:3      | Reached skill level 5 in Maces & Flails
  3689 | D:4      | You fall into a shaft and drop 2 floors!
  3689 | D:6      | Noticed a basilisk
  3703 | D:6      | Killed a basilisk
  3704 | D:6      | Reached skill level 6 in Maces & Flails
  3704 | D:6      | Reached XP level 7. HP: 34/41 MP: 7/7
  3910 | D:6      | Reached skill level 4 in Fighting
  4102 | D:6      | Noticed Pikel
  4113 | D:6      | Killed Pikel
  4114 | D:6      | Reached skill level 5 in Fighting
  4114 | D:6      | Reached skill level 8 in Maces & Flails
  4114 | D:6      | Reached XP level 8. HP: 39/49 MP: 8/8
  4200 | D:5      | Entered Level 5 of the Dungeon
  4210 | D:5      | Found a sparkling altar of Nemelex Xobeh.
  4245 | D:5      | Found a sacrificial altar of Ru.
  4312 | D:5      | Found a glowing drain.
  4336 | Sewer    | Entered a sewer
  5000 | D:4      | Acquired 604 gold pieces
  5002 | D:4      | Acquired a +0 vampiric lajatang
  5361 | D:4      | Found a staircase to the Ecumenical Temple.
  5395 | D:4      | Reached skill level 6 in Fighting
  5395 | D:4      | Reached skill level 1 in Staves
  5448 | Temple   | Entered the Ecumenical Temple
  5566 | Temple   | Became a worshipper of the Wu Jian Council
  6293 | D:5      | Reached skill level 2 in Staves
  6519 | D:6      | Reached skill level 3 in Staves
  6519 | D:6      | Reached XP level 9. HP: 54/56 MP: 9/9
  6539 | D:6      | Found a snail-covered altar of Cheibriados.
  6959 | D:6      | Noticed a manticore
  6965 | D:6      | Killed a manticore
  6965 | D:6      | Reached * piety under Wu Jian
  6966 | D:6      | Reached skill level 7 in Fighting
  6966 | D:6      | Reached skill level 4 in Staves
  7204 | D:7      | Reached skill level 5 in Staves
  7428 | D:7      | Found a broken altar of Ashenzari.
  7649 | D:7      | Reached skill level 6 in Staves
  8313 | D:8      | Noticed a hornet
  8318 | D:8      | Killed a hornet
  8438 | D:8      | Reached skill level 8 in Fighting
  8567 | D:8      | Reached skill level 7 in Staves
  8571 | D:8      | Reached XP level 10. HP: 64/64 MP: 10/10
  8583 | D:8      | Reached skill level 8 in Staves
  9112 | D:9      | Noticed Joseph
  9148 | D:9      | Shot with a sling bullet by Joseph

Illustrated notes

Levels and vault maps discovered:
D:1:      dpeg_arrival_rooms_b, layout_basic, serial_corexii_hall,
          corexii_hall_statues_t, chequers_hall_statues_corner_a,
          chequers_hall_statues_wall_a, minmay_ruptured
D:2:      layout_rooms, serial_co_window_serial, co_window_cross_1,
          co_window_of_opportunity_a, co_window_paths_b, co_window_cross_1,
          co_window_paths_a, co_window_of_opportunity_a,
          co_window_of_opportunity_c, co_window_2corner, co_window_broadway_a,
          co_window_paths_d, glass_columns_b, glass_columns_b, glass_columns_a,
          glass_columns_a, hellmonk_ecumenical_altar_arch_garden, basic_altar,
          st_stairs_1, uniq_sigmund
D:3:      layout_rooms, minmay_fractal_squares_5
D:4:      layout_loops_corners, minmay_temple_entry_glass, st_stairs_13,
          amcnicky_mini_corridor_feature, sigmund_army
D:5:      layout_gridville, nemelex_xobeh_ov_fountains_minmay,
          nicolae_ru_awakened_eye, portal_sewer_entry_b
D:6:      layout_basic, slow_altar_1, minivault_27, grunt_ministairs_1,
          kb_rosetta, uniq_pikel
D:7:      layout_loops_corners, mainiacjoe_overflow_concentric_impassable
D:8:      layout_basic, minivault_11
D:9:      minmay_spotlight, layout_loops_corners, orc_0_dummy,
          ploomutoo_gammafunk_ghost_potion_laboratory, minmay_librarian,
          uniq_joseph
Temple:   dpeg_five_rooms_temple

Skill      XL: |  1  2  3  4  5  6  7  8  9 10 |
---------------+-------------------------------+-----
Maces & Flails | 1 4 6 8 |  8.7
Fighting       | 2 3 5 6 8 |  8.0
Staves         | 3 7 8 |  8.6
Armour         | |  2.1
Dodging        | |  0.7
Stealth        | |  1.1
Evocations     | |  2.6

Action                   |  1- 3 |  4- 6 |  7- 9 | 10-12 || total
-------------------------+-------+-------+-------+-------++-------
Melee: Club              |    27 |       |       |       ||    27
       Dagger            |    96 |    23 |       |       ||   119
       Whip              |       |    74 |   122 |       ||   196
       Lajatang          |       |       |   176 |    39 ||   215
Throw: Stone             |     9 |       |       |       ||     9
Invok: Lunge             |       |       |    17 |     3 ||    20
       Whirlwind         |       |       |     4 |       ||     4
Evoke: Piece from Xom's  |     3 |       |       |       ||     3
  Use: Scroll            |     3 |     2 |    15 |     1 ||    21
       Potion            |       |       |       |     1 ||     1
 Stab: Petrified         |     9 |       |       |       ||     9
       Petrifying        |     1 |       |       |       ||     1
Armor: Leather armour    |    33 |       |       |       ||    33
       Chain mail        |    30 |    41 |   171 |    21 ||   263
Dodge: Dodged            |    62 |    41 |   109 |     9 ||   221

Table legend: (Time is in decaauts)
 A = Elapsed time spent in this place.
 B = Non-inter-level travel time spent in this place.
 C = Inter-level travel time spent in this place.
 D = Time resting spent in this place.
 E = Time spent auto-exploring this place.
 F = Levels seen in this place.
 G = Mean time per level.
                   A        B        C        D        E       F      G
               +--------+--------+--------+--------+--------+-----+--------+
         Total |   9165 |   8604 |    561 |    641 |   6398 |  11 |  833.2 |
       Dungeon |   8562 |   8076 |    486 |    641 |   6002 |   9 |  951.3 |
        Temple |    194 |    119 |     75 |      0 |    105 |   1 |  194.0 |
         Sewer |    408 |    408 |      0 |      0 |    291 |   1 |  408.0 |
               +--------+--------+--------+--------+--------+-----+--------+

Top non-repeatable levels by time:
     D:1: 1542 daAuts
     D:2: 1282 daAuts
     D:6: 1192 daAuts
     D:4: 1109 daAuts
     D:7: 1002 daAuts
     D:3: 826 daAuts
     D:8: 810 daAuts
     D:5: 656 daAuts
   Sewer: 408 daAuts
  Temple: 194 daAuts
     D:9: 140 daAuts
